noty, neutral male scurrid Tourist ------------------------- |.......................| |.I.*............}}.+...| -.....}}}}.....}}}}.....- ....}}}..}}....}}...}}}}.}}}}}}}} }..}}}}..........}}....}}}}}}...}}}| .}}}}}}}............}}.............}}| .....}}.%.}...........}}...........}}}}| ---------...}........}}}}.......--------- |...}}}....}}}.}........| -....}}.`}}}..........[%- .....}}}}}}.......}}}>... }}}....}}%}.....}}}...}}}... }}}}.........}}}}........}}}}}} <.}}}}}..}}}}.}}}}}........}}}}}| -.....}}}....}}}}}}.....--------- |...............}}.!...*| |.......................| ------------------------- noty the Rambler Experience level: 1 Strength: 13 Dexterity: 8 Constitution: 14 Intelligence: 15 Wisdom: 8 Charisma: 17 Health: 0(9) Energy: 2(2) Def: 0 Gold: 520 Moves: 36 Dungeon seed: KKM6vmxraaDjBous Game ID: noty_1498607477 Your Inventory: Coins $ - 520 gold pieces Weapons a - 52 uncursed +2 darts (in quiver) Armor e - a blessed +0 Hawaiian shirt (being worn) Comestibles b - 6 uncursed food rations c - an uncursed orange d - an uncursed fortune cookie f - an uncursed cram ration g - an uncursed tripe ration Scrolls j - 3 uncursed scrolls of magic mapping k - a blessed scroll of magic mapping Potions h - an uncursed potion of extra healing i - a blessed potion of extra healing Wands n - an uncursed wand of secret door detection (0:14) Tools l - an uncursed expensive camera (0:50) m - an uncursed credit card o - an uncursed tin opener Spells and supernatural/magical abilities: Name Level Category Fail Memory W - pray for help -- divine ? -- Your skills at the end: Miscellaneous Skills wands [Basic] Weapon Skills dart [Basic] Spellcasting Skills Final Attributes: You were devoutly aligned. You had infravision. You were very stealthy. You are dead. Vanquished creatures: a hobbit Voluntary challenges: You went without food. You did not adorn yourself with jewelry or accessories. You did not cause conflict. You were not invisible. You did not have reflection. You were not displaced. You were an atheist. You never hit with a wielded weapon. You were a pacifist. You did not use tools. You did not use plumbed fixtures. You did not drink any magical draughts. You were illiterate. You never genocided any monsters. You never polymorphed an object. You never changed form. You used no wishes. You never split a pudding. You never wrote Elbereth's name. You never violated your personal moral code. Dungeon overview: The Dungeons of Doom: levels 1 to 14 Level 1 a long staircase Level 2 an altar to Offler Level 3 a jewelry store Level 4 Level 5 Level 6 Level 7 Level 8 a fountain Level 9 Level 10 Level 11 Level 12 Level 13 Level 14 <- You were here History has recorded: On T:1 you entered the Dungeons of Doom to retrieve the Amulet of Yendor! On T:5 you reached level 2 of The Dungeons of Doom. On T:7 you reached level 3 of The Dungeons of Doom. On T:10 you reached level 4 of The Dungeons of Doom. On T:12 you reached level 5 of The Dungeons of Doom. On T:14 you reached level 6 of The Dungeons of Doom. On T:16 you reached level 7 of The Dungeons of Doom. On T:19 you reached level 8 of The Dungeons of Doom. On T:21 you reached level 9 of The Dungeons of Doom. On T:23 you reached level 10 of The Dungeons of Doom. On T:27 you reached level 11 of The Dungeons of Doom. On T:29 you reached level 12 of The Dungeons of Doom. On T:31 you reached level 13 of The Dungeons of Doom. On T:34 you reached level 14 of The Dungeons of Doom. Score breakdown: Gold: 0 ( 0 points) Experience: 1 level ( 0 points) Exploration: 14 levels ( 390 points) Discoveries: 1 item ( 50 points) Variety of kills: 1 monster ( 50 points) Major goal: (nothing yet) ( 0 points) Survival: died (score multiplied by 3) Total score: 1470 Latest messages: You fall through... You start digging downward. You continue digging downward. You dig a pit in the floor. You continue digging downward. You dig a hole through the floor. You fall through... You receive a faint telepathic message from Twoflower: Your help is urgently needed at Ankh-Morpork! Look for a ...ic transporter. You couldn't quite make out that last message. You start digging downward. You continue digging downward. You dig a pit in the floor. You continue digging downward. You dig a hole through the floor. You fall through... The Green-elf hurls a milky potion! The carafe crashes on your head and breaks into shards. You feel rather tired. Something claws you! You die... Final status: Aloha noty the Tourist, killed by a leocrotta, while sleeping off potion vapours... You died in The Dungeons of Doom on dungeon level 14 with 1470 points, and 520 pieces of gold, after 36 moves. You were level 1 with a maximum of 9 hit points when you died.